Map: Odyssey LE

Players

RiceIsNice

  • Race: Zerg Zerg
  • League: Gold
  • Spawn Location: 11:00

Marine - Winner!

  • Race: Terran Terran
  • League: Gold
  • Spawn Location: 5:00

VOD

Have the link to the VOD?

Description

Time

  • Played on: May 16, 2017, 9:40 p.m.
  • Length: 10:31
Show
View Real Time Build Order
Export as new Build Order

RiceIsNice Zerg 

Build Orders: Hatch First 

Get SALT Encoding   

  12  0:01  Drone  
  13  0:09  Drone  
  14  0:19  Overlord  
  14  0:38  Drone x3  
  17  0:51  Drone  
  18  0:57  Hatchery  
  17  1:06  Extractor  
  17  1:07  Drone  
  17  1:17  Spawning Pool, Drone  
  17  1:23  Drone  
  18  1:33  Drone  
  19  1:43  Drone  
  20  1:54  Overlord  
  20  2:03  Queen  
  22  2:09  Zergling x2  
  22  2:11  Zergling x2  
  22  2:12  Queen  
  26  2:23  Drone x2  
  26  2:29  Zergling x2  
  29  2:33  Drone  
  30  2:41  Spine Crawler  
  28  2:59  Queen  
  28  3:00  Queen  
  28  3:01  Drone  
  28  3:02  Drone x3  
  36  3:06  Overlord  
  36  3:12  Overlord  
  37  3:27  Drone x6  
  42  3:39  Drone  
  42  3:40  Drone x3  
  48  3:59  Evolution Chamber  
  48  4:00  Extractor, Evolution Chamber  
  45  4:08  Roach Warren  
  45  4:09  Lair  
  42  4:12  Extractor  
  42  4:13  Extractor  
  42  4:15  Metabolic Boost  
  40  4:17  Pneumatized Carapace  
  40  4:22  Drone x9  
  49  5:03  Roach  
  49  5:05  Overlord x4  
  51  5:07  Zerg Missile Weapons Level 1  
  51  5:08  Zerg Ground Armor Level 1, Glial Reconstitution  
  51  5:23  Roach  
  51  5:24  Roach x4  
  61  5:32  Drone x2  
  63  5:38  Queen  
  63  5:40  Drone x4  
  67  5:45  Roach  
  67  5:46  Hatchery  
  68  6:14  Drone  
  68  6:15  Drone x6  
  75  6:32  Spore Crawler  
  74  6:33  Extractor  
  74  6:35  Extractor  
  74  6:40  Roach x5  
  82  6:50  Queen  
  84  6:57  Queen  
  84  6:58  Spore Crawler  
  85  7:02  Drone x5  
  85  7:06  Overlord  
  85  7:07  Overlord  
  90  7:11  Spore Crawler  
  72  7:33  Roach x9  
  76  7:56  Roach  
  76  7:57  Roach x2  
  76  8:00  Overseer x2  
  76  8:10  Ravager  
  76  8:11  Ravager  
  76  8:12  Ravager  
  78  8:15  Queen x2, Drone x7  
  78  8:16  Queen  
  89  8:47  Roach x8  
  86  8:59  Spine Crawler  
  86  9:02  Spine Crawler, Roach  
  86  9:03  Roach x3  
  82  9:16  Overlord x2  
  73  9:38  Roach x4  
  64  9:47  Roach  
  64  9:48  Roach  
  66  9:58  Roach x2  
  66  10:06  Roach x2  
Show
View Real Time Build Order
Export as new Build Order

Marine Terran - Winner!

Build Orders: Reaper Expand, MMM Bio 

Get SALT Encoding   

  12  0:01  SCV  
  13  0:17  SCV, Supply Depot  
  14  0:29  SCV  
  15  0:40  Barracks  
  15  0:42  Refinery  
  15  0:44  SCV  
  16  0:56  SCV  
  17  1:08  SCV  
  18  1:20  SCV  
  19  1:30  Reaper  
  20  1:32  Orbital Command  
  20  1:43  Command Center  
  20  1:59  SCV  
  21  2:08  Marine  
  22  2:11  SCV  
  22  2:12  Factory  
  23  2:16  Barracks  
  23  2:25  Supply Depot  
  23  2:36  Barracks Reactor  
  23  2:47  SCV  
  23  2:55  Orbital Command  
  23  2:59  SCV  
  23  3:05  Barracks Tech Lab  
  24  3:11  SCV  
  24  3:12  Factory Tech Lab  
  25  3:15  Starport  
  25  3:19  Refinery, Marine x2  
  27  3:22  SCV  
  27  3:23  SCV  
  29  3:27  Marine  
  29  3:44  SCV x2  
  31  3:50  Stimpack, Supply Depot, Marine x3  
  34  3:58  Starport Reactor  
  34  4:00  SCV x2  
  36  4:09  Marine  
  36  4:10  Supply Depot, Marine x2  
  36  4:12  SCV x2  
  41  4:17  Factory Reactor  
  41  4:29  SCV x2  
  43  4:38  Marine x3  
  45  4:41  SCV x2  
  45  4:45  Command Center  
  48  4:49  Barracks  
  48  4:53  SCV  
  48  4:54  SCV  
  48  4:57  Barracks  
  48  4:58  Marine x2  
  48  4:59  Barracks  
  52  5:01  Medivac  
  52  5:05  Marine  
  52  5:06  Widow Mine  
  52  5:07  Widow Mine  
  57  5:10  SCV  
  57  5:12  SCV  
  61  5:22  Engineering Bay  
  61  5:23  SCV  
  61  5:24  Engineering Bay  
  62  5:37  Supply Depot  
  62  5:38  Supply Depot  
  62  5:39  Supply Depot  
  62  5:49  Barracks Reactor  
  62  5:53  Combat Shields  
  62  5:55  Barracks Reactor  
  62  5:56  Widow Mine x2, Marine  
  62  5:57  Orbital Command, Medivac, SCV x2  
  71  5:58  Barracks Tech Lab  
  71  6:02  Terran Infantry Weapons Level 1  
  71  6:06  Refinery x2  
  71  6:09  SCV  
  71  6:11  Marine x2  
  74  6:20  Medivac  
  74  6:21  Marine x2  
  78  6:40  SCV x3  
  78  6:43  Marine x3  
  84  6:51  Orbital Command  
  84  6:53  Marine x5  
  89  6:54  Widow Mine x2  
  89  6:55  Medivac  
  89  6:57  SCV x2  
  97  7:09  Concussive Shells  
  97  7:19  Terran Infantry Armor Level 1  
  97  7:20  Marine  
  97  7:21  Marine x4  
  97  7:22  Marine x3  
  101  7:37  SCV  
  101  7:38  SCV  
  101  7:39  Marine  
  101  7:40  SCV, Marine  
  98  7:49  SCV  
  98  7:50  SCV  
  93  7:52  SCV  
  93  7:53  Marine x2  
  93  7:54  Marine x4  
  93  7:58  Widow Mine x2  
  97  7:59  Medivac  
  97  8:00  Medivac  
  97  8:03  Marine x2  
  101  8:15  Armory  
  101  8:16  Marine  
  101  8:17  Marine  
  101  8:19  SCV  
  101  8:21  Marine  
  101  8:24  Supply Depot x2  
  101  8:25  Supply Depot, Marine  
  101  8:27  Supply Depot  
  101  8:29  SCV, Marine  
  101  8:33  SCV, Marine  
  101  8:36  Command Center  
  101  8:37  Marine x2  
  101  8:40  SCV  
  100  8:42  SCV  
  100  8:45  SCV  
  100  8:47  Marine x3  
  100  8:48  Marine x2  
  100  8:51  Marine  
  100  8:52  SCV  
  100  8:54  SCV  
  100  8:55  Marine x2  
  103  8:57  SCV  
  103  8:59  Medivac x2, Widow Mine  
  103  9:00  Widow Mine  
  113  9:05  Marine x5  
  118  9:19  Liberator  
  118  9:21  Marine x3  
  119  9:29  Medivac, Marine x5  
  121  9:35  Widow Mine x2  
  121  9:39  Marine  
  121  9:40  Marauder x2  
  123  9:46  Marine  
  123  9:47  SCV, Marine x2  
  123  9:48  SCV x2  
  123  9:50  Orbital Command  
  123  9:51  Marine x2  
  131  9:57  Marine  
  134  10:00  Marine x2  
  134  10:04  Marine x2  
  134  10:05  Marine  
  137  10:08  Marine  
  138  10:15  Barracks x2  
  138  10:16  Barracks  
  138  10:18  Barracks  
Tags
 
Composition
MMM Bio
League
GoldGold
Matchup
TvZ
Spawn Locations
Cross Positions
Add a new tag
Caveats
  • Supply blocks, unpowered buildings, or Contaminate may cause inaccurate times.
  • Supply counts are checked every 10 seconds.